 Dungeon Crawl Stone Soup version 0.29.0-11-gd7f09526c8 (webtiles) character file.

Game seed: 10432503709549150717

71 SensoryNuts the Covered (level 4, -6/35 HPs)
             Began as a Demonspawn Fighter on Sept 5, 2022.
             Killed by divine providence
             ... invoked by an orc priest
              (7 damage)
             ... on level 2 of the Dungeon.
             The game lasted 00:01:28 (2342 turns).

SensoryNuts the Covered (Demonspawn Fighter)        Turns: 2342, Time: 00:01:29

Health: -6/35      AC:  6    Str: 15 (16) XL:     4   Next: 5%
Magic:  4/4        EV:  8    Int: 11 (12) God:
Gold:   138        SH:  4    Dex: 12 (14) Spells: 3/3 levels left

rFire   . . .      SeeInvis .   a - +0 long sword
rCold   . . .      Faith    .   c - +0 buckler
rNeg    . . .      Spirit   .   b - +0 scale mail
rPois   .          Reflect  .   (no helmet)
rElec   .          Harm     .   (no cloak)
rCorr   .          Rampage  .   (no gloves)
Will    .....                   (no boots)
Stlth   ..........              (no amulet)
HPRegen 0.11/turn               (no ring)
MPRegen 0.09/turn               (no ring)

@: no status effects
A: demonic guardian 1, big brain 1, weakness stinger 1
a: no special abilities


You were on level 2 of the Dungeon.
You visited 1 branch of the dungeon, and saw 3 of its levels.

You collected 138 gold pieces.

Inventory:

Hand Weapons
 a - a +0 long sword (weapon)
Armour
 b - a +0 scale mail (worn)
 c - a +0 buckler (worn)
Jewellery
 k - a +4 ring of slaying
Scrolls
 e - 2 scrolls of enchant weapon {unknown}
 h - a scroll of silence {unknown}
 j - a scroll of amnesia {unknown}
 n - 2 scrolls of identify {unknown}
 o - 2 scrolls of teleportation {unknown}
Potions
 d - 4 potions of might
 f - a potion of attraction {unknown}
 g - 2 potions of mutation {unknown}
 i - a potion of lignification {unknown}
 l - a potion of brilliance {unknown}
 m - a potion of degeneration
 p - a potion of heal wounds {unknown}


   Skills:
 + Level 3.2 Fighting
 * Level 3.0 Long Blades
 + Level 3.3 Armour
 + Level 0.1 Dodging
 + Level 2.9 Shields


You had 3 spell levels left.
You didn't know any spells.
Your spell library contained the following spells:

 Spells                   Type           Power      Damage    Failure   Level
 Tukima's Dance           Hex            0%         N/A       99%         3
 Passage of Golubria      Tloc           0%         N/A       100%        4
 Yara's Violent Unravell  Hex/Tmut       0%         3d3       100%        5


Dungeon Overview and Level Annotations

Branches:
Dungeon (3/15)

Altars:


Innate Abilities, Weirdness & Mutations

A weak demonic guardian rushes to your aid.
You have an unusually large brain. (Int +2)
You have a small tail.


Message History

2 orcs come into view.
The orc shouts! x2; You hear a shout!
There are monsters nearby!
There are monsters nearby!
An orc priest and an orc come into view.
The orc priest shouts!
The orc shouts!
An orc comes into view. It is wielding a +0 club.
You closely miss the orc.
Your tail-slap misses the orc.
The orc barely misses you. You block the orc's attack.
You hit the orc priest.
The orc priest is lightly wounded.
The orc hits you with a +0 war axe.
The orc priest hits you with a +0 dagger.
The orc hits you with a +0 short sword. The orc hits you with a +0 falchion.
The orc closely misses you. You block the orc's attack.
The orc priest hits you but does no damage.
The orc hits you with a +0 falchion. The orc attacks as you move away!
The orc hits you with a +0 falchion.
The orc priest attacks as you move away!
The orc priest closely misses you. You block the orc's attack.
The orc barely misses you.
The orc priest attacks as you move away!
You block the orc priest's attack. The orc attacks as you move away!
The orc hits you with a +0 short sword. The orc barely misses you.
The orc priest attacks as you move away!
The orc priest completely misses you. The orc attacks as you move away!
You block the orc's attack.
The orc priest invokes the aid of Beogh against you.
Beogh smites you!
* * * LOW HITPOINT WARNING * * *
A demonic guardian appears!
The orc barely misses your white imp. The orc hits you with a +0 war axe.
* * * LOW HITPOINT WARNING * * *
The orc hits your white imp with a +0 short sword.
It was a potion of degeneration.
There was something very wrong with that liquid.
You feel weakened.
You feel dopey.
You feel clumsy.
The orc priest calls down the wrath of Beogh upon you.
Beogh smites you!
You die...

.## #.# #...#
..####.###.###
..)..#.##...#
.....#....#.#
.......####.#
.......# #.##
##....##
#..#### ###>##
##....### #.#
####.@5####
...
####oo..####
....
#..ooo......
....
#.#.......#. #
#.8...8.#
#.......#
#.......#
#.......#
#.8...8.#


You could see an orc priest, 3 orcs and a friendly white imp (summoned).

Vanquished Creatures
  2 adders (D:2)
  3 dart slugs (D:1)
  5 bats
  6 endoplasms (D:1)
  2 giant cockroaches
  5 goblins
  5 hobgoblins
  2 jackals (D:2)
  2 quokkas
  2 ball pythons (D:2)
  4 frilled lizards
  A kobold (D:2)
  4 rats (D:1)
43 creatures vanquished.

Notes
Turn   | Place    | Note
-------+----------+-------------------------------------------
     0 | D:1      | SensoryNuts the Demonspawn Fighter began the quest for the
                  | Orb.
     0 | D:1      | Reached XP level 1. HP: 18/18 MP: 1/1
   232 | D:1      | Gained mutation: You have an unusually large brain. (Int
                  | +2) [demonic ancestry]
   232 | D:1      | Reached XP level 2. HP: 22/24 MP: 2/2
   783 | D:1      | Gained mutation: A weak demonic guardian rushes to your
                  | aid. [demonic ancestry]
   783 | D:1      | Reached XP level 3. HP: 26/29 MP: 3/3
  1946 | D:2      | Gained mutation: You have a small tail. [demonic ancestry]
  1946 | D:2      | Reached XP level 4. HP: 25/35 MP: 4/4
  2111 | D:2      | You fall into a shaft and drop 1 floor!
  2341 | D:2      | HP: 1/35 [orc/+0 war axe (4)]
  2342 | D:2      | Killed from afar by an orc priest

Illustrated notes

Levels and vault maps discovered:
D:1:      dpeg_arrival_radiant, layout_loops_corners,
          minmay_misc_feat_nine_boxes, minmay_misc_feat_diagonals,
          minmay_pentomino_o2
D:2:      cheibrodos_pilgrimage, layout_basic, minivault_25, kennysheep_doodads
D:3:      layout_loops_cross, hex_large, grunt_decor_resistance,
          corexii_item_surrounded_by_moat, kennysheep_generic_room_8

Skill      XL: |  1  2  3 |
---------------+----------+-----
Long Blades    | 2 3 |  3.0
Armour         | 3 |  3.3
Fighting       | |  3.2
Dodging        | |  0.1
Shields        | |  2.9

Action                   |  1- 3 |  4- 6 || total
-------------------------+-------+-------++-------
Melee: Long sword        |   119 |     9 ||   128
       Tailslap          |       |     2 ||     2
  Use: Potion            |       |     1 ||     1
Armor: Scale mail        |    76 |     5 ||    81
Dodge: Dodged            |    61 |     8 ||    69
Block: Buckler           |    29 |     5 ||    34
